 Dungeon Crawl Stone Soup version 0.19-a0-1889-g9c603be (webtiles) character file.

74 surrealdetective the Chopper (level 4, -14/52 HPs)
             Began as a Human Berserker on Oct 17, 2016.
             Was a Follower of Trog.
             Demolished by an ogre
             ... wielding a +0 giant club
              (29 damage)
             ... on level 5 of the Dungeon.
             The game lasted 00:42:45 (3794 turns).

surrealdetective the Chopper (Human Berserker)      Turns: 3794, Time: 00:42:46

Health: -14/52     AC: 10    Str: 23    XL:     4   Next: 54%
Magic:  13/13      EV:  9    Int:  8    God:    Trog [*.....]
Gold:   127        SH:  0    Dex: 12    Spells: 0 memorised, 3 levels left

rFire  . . .     SeeInvis .     a - +0 hand axe
rCold  . . .     Gourm    .     f - +0 chain mail {pro}
rNeg   . . .     Faith    .     (no shield)
rPois  .         Spirit   .     (no helmet)
rElec  .         Reflect  .     (no cloak)
rCorr  .         Harm     .     (no gloves)
MR     .....                    k - +0 pair of boots
Stlth  ..........               (no amulet)
                                (no ring)
                                q - ring of magical power

@: berserking, very quick
A: no striking features
a: Berserk, Burn Spellbooks, Renounce Religion


You were on level 5 of the Dungeon.
You worshipped Trog.
Trog was aware of your devotion.
You were hungry.

You visited 1 branch of the dungeon, and saw 5 of its levels.

You collected 127 gold pieces.

Inventory:

Hand Weapons
 a - a +0 hand axe (weapon)
 c - a +0 short sword
 d - a +0 whip
 g - a +0 mace
 l - a +0 dagger
 s - a +0 flail
 w - a +0 spear
Missiles
 i - 37 arrows
 m - 61 stones (quivered)
 u - 13 bolts
 v - 20 sling bullets
Armour
 b - a +0 animal skin
 f - a +0 chain mail (worn) {pro}
 k - a +0 pair of boots (worn)
Jewellery
 q - a ring of magical power (left hand)
Scrolls
 h - a scroll of enchant armour {unknown}
 j - a scroll of amnesia
 n - 2 scrolls of remove curse
Potions
 e - a potion of flight
 o - a potion of might
 x - a potion of haste {unknown}
Comestibles
 p - a beef jerky
 r - a royal jelly
 t - a bread ration


   Skills:
 + Level 3.4 Fighting
 + Level 4.0 Axes
 + Level 0.2(2.4) Maces & Flails
 + Level 2.4 Armour
 + Level 2.4 Dodging
 + Level 0.7 Stealth


You had 3 spell levels left.
You didn't know any spells.

Dungeon Overview and Level Annotations

Branches:
Dungeon (5/15)
 Temple: D:4-7

Altars:


Message History

You throw a stone. The stone barely misses the ogre.
Throwing (i - inventory):
m - 62 stones (quivered)
Press: ? - help, Shift-Dir - straight line, f/p - ogre
Aim: an ogre, wielding a giant club (lightly wounded)
You throw a stone.
The stone hits the ogre but does no damage.
The ogre is lightly wounded.
Your chain mail prevents you from hitting the ogre.
The ogre is lightly wounded.
The ogre hits you with a giant club!
Your chain mail prevents you from hitting the ogre.
The ogre is lightly wounded.
The ogre hits you with a giant club!
* * * LOW HITPOINT WARNING * * *
A red film seems to cover your vision as you go berserk!
You feel yourself moving faster!
You feel mighty!
You are feeling hungry.
The ogre hits you with a giant club!!
Ouch! That really hurt!
You die...

#......... #....####.
#....# #....# #....#
..#####.### ........##
...###...#########..##
##.......@O..?.((
#.##########.[.# ...#
# #.#### #


You could see an ogre.

Vanquished Creatures
  4 adders
  An ooze (D:2)
  A worm (D:4)
  A dart slug (D:1)
  A leopard gecko (D:4)
  An orc (D:4)
  2 ball pythons
  3 goblins
  A hobgoblin (D:1)
  2 quokkas (D:4)
  3 bats
  3 frilled lizards
  A jackal skeleton (D:4)
  4 kobolds
  3 rats (D:2)
31 creatures vanquished.

Vanquished Creatures (others)
  A fungus (D:2)
1 creature vanquished.

Grand Total: 32 creatures vanquished

Notes
Turn   | Place    | Note
-------+----------+-------------------------------------------
     0 | D:1      | surrealdetective the Human Berserker began the quest for the Orb.
     0 | D:1      | Reached XP level 1. HP: 18/18 MP: 1/1
   886 | D:1      | Reached XP level 2. HP: 24/24 MP: 2/2
  1496 | D:2      | Reached XP level 3. HP: 20/29 MP: 3/3
  2169 | D:2      | Reached XP level 4. HP: 8/35 MP: 4/4
  3544 | D:4      | Reached skill level 4 in Axes
  3768 | D:5      | Entered Level 5 of the Dungeon
  3786 | D:5      | Noticed an ogre
  3794 | D:5      | Demolished by an ogre

Vault maps used:
D:1:      shiori_arrival_oz
D:2:      uniq_crazy_yiuf_cottage
D:3:      kennysheep_six_static_rooms
D:4:      first_bread
D:5:      uniq_prince_ribbit1, uniq_duvessa, uniq_pikel, uniq_blork_the_orc

Skill      XL: |  1  2  3  4 |
---------------+-------------+-----
Axes           | 4 |  4.0
Fighting       | |  3.4
Maces & Flails | |  0.2
Armour         | |  2.4
Dodging        | |  2.4
Stealth        | |  0.7

Action                   |  1- 3 |  4- 6 || total
-------------------------+-------+-------++-------
Melee: Hand axe          |    68 |    46 ||   114
       Mace              |    11 |       ||    11
Throw: Stone             |     2 |     8 ||    10
Invok: Berserk           |     1 |     1 ||     2
  Use: Potion            |     2 |       ||     2
       Scroll            |     6 |     2 ||     8
  Eat: Bread ration      |     2 |       ||     2
       Beef jerky        |     1 |       ||     1
Armor: Ring mail         |     8 |       ||     8
       Scale mail        |    23 |     2 ||    25
       Chain mail        |       |    31 ||    31
Dodge: Dodged            |    52 |    14 ||    66
